 Dungeon Crawl Stone Soup version 0.30-a0-694-g3340775977 (webtiles) character file.

Game seed: 14739533888424383791

39424 M4edhros the Summoner (level 14, -4/94 HPs)
             Began as an Octopode Wanderer on Jan 20, 2023.
             Was a Follower of Jiyva.
             Slain by a two-headed ogre
             ... wielding a +0 giant club
              (37 damage)
             ... on level 1 of the Orcish Mines.
             The game lasted 01:10:34 (11189 turns).

M4edhros the Summoner (Octopode Wanderer)          Turns: 11189, Time: 01:10:35

Health: -4/94      AC:  1    Str: 19    XL:     14   Next: 6%
Magic:  18/18      EV: 19    Int: 11    God:    Jiyva [*.....]
Gold:   879        SH:  9    Dex: 22    Spells: 2/19 levels left

rFire   . . .      SeeInvis +    o - +7 dagger of Prescription {elec, Drain Str+2 Dex+2}
rCold   . . .      Faith    .    A - +3 warlock's mirror {omnireflect}
rNeg    . . .      Spirit   .    (helmet restricted)
rPois   +          Reflect  +    (no amulet)
rElec   .          Harm     .    v - ring of see invisible
rCorr   .          Rampage  .    x - ring of willpower
Will    ++...                    B - ring of poison resistance
Stlth   ++++                     F - +6 ring of strength
HPRegen 1.15/turn                (no ring)
MPRegen 0.41/turn                (no ring)
                                 (no ring)
                                 (no ring)

@: on berserk cooldown, slowed, silenced, very slow
A: almost no armour, amphibious, 8 rings, camouflage 1, gelatinous body 1,
(nimble swimmer 1), tentacles
a: Renounce Religion


You were on level 1 of the Orcish Mines.
You worshipped Jiyva.
Jiyva was aware of your devotion.
You visited 4 branches of the dungeon, and saw 19 of its levels.

You collected 1399 gold pieces.
You spent 520 gold pieces at shops.

Inventory:

Hand Weapons
 k - a +3 spear of flaming
 o - the +7 dagger of Prescription (weapon) {elec, Drain Str+2 Dex+2}
   (You found it on level 5 of the Dungeon)

   Str:       It affects your strength (+2).
   Dex:       It affects your dexterity (+2).
   Drain:     It drains your maximum health when unequipped.
 D - the +9 trident of Taineex {freeze, rElec rC- MP+9 Str+3}
   (You took it off a spriggan on level 8 of the Dungeon)

   Str:       It affects your strength (+3).
   rC:        It makes you vulnerable to cold.
   rElec:     It insulates you from electricity.
   MP:        It affects your magic capacity (+9).
Missiles
 c - a throwing net
 q - 51 poisoned darts
 E - 5 silver javelins
 K - 3 curare-tipped darts
 N - 10 javelins
Armour
 A - the +3 warlock's mirror (worn) {omnireflect}
   (You bought it in a shop on level 2 of the Dungeon)

   Omnireflect: It can block and reflect piercing ranged attacks and magical
   attacks against the wielder's willpower.
Magical Staves
 w - a staff of poison
Jewellery
 v - a ring of see invisible (left tentacle)
 x - a ring of willpower (right tentacle)
 B - a ring of poison resistance (on tentacle)
 F - a +6 ring of strength (on tentacle)
 R - a ring of ice
Wands
 d - a wand of flame (1)
 r - a wand of roots (10)
 s - a wand of paralysis (6)
 z - a wand of digging (9)
 C - a wand of mindburst (13)
 P - a wand of quicksilver (2)
Scrolls
 e - 2 scrolls of silence
 g - 4 scrolls of teleportation
 i - 2 scrolls of fog
 j - a scroll of vulnerability
 l - 2 scrolls of noise
 p - a scroll of torment {unknown}
 I - 2 scrolls of magic mapping
 O - a scroll of butterflies
 Q - a scroll of acquirement
Potions
 a - 2 potions of might
 b - 7 potions of attraction
 f - 2 potions of lignification
 h - 2 potions of brilliance
 m - a potion of magic
 n - 3 potions of curing
 t - 3 potions of haste
 u - a potion of flight
 G - 2 potions of berserk rage
 H - a potion of ambrosia
 J - a potion of cancellation
 L - a potion of resistance
 M - a potion of heal wounds


   Skills:
 - Level 8.0 Fighting
 - Level 7.2 Short Blades
 - Level 9.0 Dodging
 - Level 5.1 Stealth
 - Level 6.0 Shields
 - Level 0.6 Unarmed Combat
 - Level 3.0 Spellcasting
 - Level 10.5 Summonings
 * Level 7.7 Transmutations
 - Level 9.6 Air Magic
 * Level 7.7 Earth Magic
 - Level 7.0 Poison Magic
 - Level 1.0 Invocations
 - Level 3.2 Evocations


You had 2 spell levels left.
You knew the following spells:

 Your Spells              Type           Power      Damage    Failure   Level
a - Sting                 Tmut/Pois      68%        1d6       1%          1
b - Summon Lightning Spi  Summ/Air       23%        N/A       5%          4
c - Mephitic Cloud        Conj/Pois/Air  13%        N/A       11%         3
d - Ignite Poison         Fire/Tmut/Pois 12%        N/A       14%         3
e - Statue Form           Tmut/Erth      12%        N/A       91%         6

Your spell library contained the following spells:

 Spells                   Type           Power      Damage    Failure   Level
 Call Imp                 Summ           24%        N/A       1%          2
 Cigotuvi's Dreadful Rot  Necr/Pois/Air  26%        N/A       5%          2
 Freeze                   Ice            4%         1d3       32%         1
 Magic Dart               Conj           4%         1d3       32%         1
 Airstrike                Air            11%        2d(2-18)  6%          4
 Petrify                  Tmut/Erth      18%        N/A       14%         4
 Stone Arrow              Conj/Erth      20%        3d8       21%         3
 Blade Hands              Tmut           9%         N/A       36%         5
 Frozen Ramparts          Ice            2%         1d1       69%         3
 Hailstorm                Conj/Ice       1%         3d3       69%         3
 Lightning Bolt           Conj/Air       6%         1d18      77%         5
 Silence                  Hex/Air        6%         N/A       77%         5
 Dispel Undead            Necr           1%         3d6       97%         4
 Passage of Golubria      Tloc           1%         N/A       97%         4
 Metabolic Englaciation   Hex/Ice        0%         N/A       100%        5
 Death Channel            Necr           0%         N/A       100%        6
 Iron Shot                Conj/Erth      5%         9d2       100%        6
 Lehudib's Crystal Spear  Conj/Erth      5%         10d3      100%        8
 Animate Armour           Summ/Erth      Unusable   N/A       N/A         4

Dungeon Overview and Level Annotations

Branches:
Dungeon (11/15)            Temple (1/1) D:7            Lair (5/5) D:11
 Shoals (0/4) Lair:3       Spider (0/4) Lair:3        Slime (0/5) Lair:4
    Orc (2/2) D:11            Elf (0/3) Orc:2

Altars:
Ashenzari
Cheibriados
Dithmenos
Elyvilon
Fedhas
Gozag
Hepliaklqana
Makhleb
Nemelex Xobeh
Okawaru
Qazlal
Ru
Trog
Uskayaw
Vehumet
Wu Jian
Xom
Yredelemnul
Zin
The Shining One
Jiyva

Shops:
D:2 :[   D:3 *

Annotations:
Lair:3 Kirke
Orc:1 1 transporter, 1 runed translucent door


Innate Abilities, Weirdness & Mutations

You cannot wear most types of armour.
You are amphibious.
You can wear up to eight rings at the same time.
Your skin changes colour to match your surroundings (Stealth+).
Your rubbery body absorbs attacks. (AC +1, EV +1)
((You are camouflaged when in or above water. (Stealth+)))
You have tentacles for arms and can constrict up to eight enemies at once.


Message History

Things that are here:
a +0 dire flail; a +0 dire flail; an ettin corpse A troll and a two-headed ogre come into view.
The helpless troll fails to defend itself.
You spit the troll like a pig!!!
You kill the troll!
A moth of wrath comes into view.
Found a human skeleton.
Aiming: Paralyse
Press: ? - help, Shift-Dir - straight line, f - troll
Aim: a troll (silenced, chance to affect: 57%)
The troll suddenly stops moving!
The moth of wrath's fur bristles in rage as it notices you.
The moth of wrath goads the two-headed ogre on!
The two-headed ogre goes berserk!
The helpless troll fails to defend itself.
You perforate the troll like a sieve!!!
You kill the troll!
The two-headed ogre closely misses you.
The two-headed ogre hits you with a +0 giant club!!
Save game and exit? [Y]es or [N]o only, please.
Save game and exit?
Okay, then.
Unknown command.
Aiming: Paralyse
Press: ? - help, Shift-Dir - straight line, f - two-headed ogre
Aim: a two-headed ogre, wielding two +0 giant clubs (silenced, berserk, chance to affect: 39%)
The two-headed ogre resists with some effort.
The two-headed ogre hits you with a +0 giant club!!
You block the two-headed ogre's attack.
Aiming: Paralyse
Press: ? - help, Shift-Dir - straight line, f/p - two-headed ogre
Aim: a two-headed ogre, wielding two +0 giant clubs (silenced, berserk, chance to affect: 39%)
The two-headed ogre resists with some effort.
You block the two-headed ogre's attack. x2
The moth of wrath angrily waves its antennae.
The two-headed ogre closely misses you.
The two-headed ogre hits you with a +0 giant club!!!
You die...

# ###.©.###
#.....#...# #
#y#####y#
#.....#..#. #
###########
#....J..... #
##..'.©.'..##
#.......... #
#...'...))..##
##........# #
#....#...#....###
#.......... #
○#..#########..#§#
##......... #
##..#y##W##y#..###
#......... # # #+
###@.#y#
##..##..... #
.._....O.#e#
#.......... #
...)......#o#
#.......... #
⌠.......⌠..#e#
#.###..##.. #
............#e#
### ######. #
.....J...### ## #
########## #
#######§ y# #
###..©..###


You could see a deep elf elementalist (repels missiles), a two-headed ogre
(berserk), 4 moths of wrath, a deep elf pyromancer, a deep elf zephyrmancer, an
orc sorcerer and a neutral jelly (wandering) (fellow slime).

Vanquished Creatures
  An ettin (Orc:1)
  A boulder beetle (D:11)
  Erica (D:8)
  The ghost of crossborder the Fighter, a novice OgDe of Okawaru (D:8)
  An orc high priest (Orc:1)
  An orc knight (Orc:1)
  2 orc sorcerers (Orc:1)
  2 cyclopes (D:11)
  4 elephants
  Maurice (D:10)
  A gargoyle (D:11)
  5 cane toads
  An unseen horror (D:11)
  A rime drake (Lair:2)
  6 komodo dragons
  5 trolls
  2 polar bears
  A hornet (D:9)
  6 blink frogs
  A jumping spider (Lair:3)
  2 spriggans (D:8)
  A shadow (D:11)
  A vampire (D:11)
  47 yaks
  A wraith (D:11)
  2 wyverns (Lair:3)
  A basilisk (Lair:1)
  A redback (Lair:3)
  2 acid dragons (D:11)
  6 water moccasins
  A sky beast (D:6)
  An ice beast (D:6)
  9 orc warriors
  5 black bears
  14 wolves
  4 ogres
  2 phantoms
  14 bullfrogs
  2 kobold brigands
  A gnoll sergeant (D:11)
  4 scorpions
  3 necrophages
  4 wights
  17 killer bees
  2 electric eels
  A howler monkey (D:10)
  A gnoll bouda (D:4)
  A hound (D:7)
  A jelly (D:6)
  6 orc priests
  Jessica (D:3)
  5 iguanas
  10 orc wizards
  10 hell rats
  19 gnolls
  4 adders
  A shadow imp (D:8)
  A white imp (D:7)
  An ufetubus (D:7)
  A worm (D:4)
  A dart slug (D:3)
  38 orcs
  6 endoplasms
  5 giant cockroaches
  8 goblins
  9 hobgoblins
  3 jackals (D:1)
  5 quokkas
  8 ball pythons
  4 bats
  2 frilled lizards
  14 kobolds
  4 rats
361 creatures vanquished.

Vanquished Creatures (collateral kills)
  A two-headed ogre (D:11)
  Sonja (D:10)
  A manticore (D:11)
  An ugly thing (D:11)
  2 black mambas (Lair:4)
  A rime drake (Lair:1)
  A komodo dragon (Lair:1)
  2 trolls
  2 polar bears
  A blink frog (Lair:2)
  14 yaks
  A vampire (D:11)
  An acid dragon (D:8)
  2 water moccasins
  2 orc warriors
  A wolf (Lair:5)
  A kobold brigand (D:11)
  3 wights (D:6)
  A killer bee (D:11)
  2 orc priests
  An orc wizard (Orc:1)
  3 hell rats
  A gnoll (D:11)
  7 orcs
53 creatures vanquished.

Vanquished Creatures (others)
  4 jellies (Orc:1)
  2 orcs (Orc:1)
  39 fungi
  69 plants
114 creatures vanquished.

Grand Total: 528 creatures vanquished

Notes
Turn   | Place    | Note
-------+----------+-------------------------------------------
     0 | D:1      | M4edhros the Octopode Wanderer began the quest for the Orb.
     0 | D:1      | M4edhros set off with the following items: a +0 dagger, a
                  | potion of attraction, a potion of berserk rage, a wand of
                  | flame (16); and the following spell memorised: Sting; and
                  | the following spells available to memorise: Ignite Poison.
     0 | D:1      | Reached XP level 1. HP: 16/16 MP: 4/4
   205 | D:2      | Found Gobuzoke's Book Shoppe.
   238 | D:2      | Reached skill level 1 in Poison Magic
   239 | D:2      | Reached XP level 2. HP: 9/21 MP: 6/6
   285 | D:2      | Found Olurorra's Armour Shop.
   395 | D:3      | Reached skill level 1 in Dodging
   425 | D:4      | Noticed a necrophage
   442 | D:4      | Killed a necrophage
   443 | D:4      | Reached XP level 3. HP: 14/26 MP: 7/7
   443 | D:4      | Reached XP level 4. HP: 17/31 MP: 8/8
   550 | D:5      | Entered Level 5 of the Dungeon
   606 | D:5      | Noticed a necrophage
   632 | D:5      | Reached XP level 5. HP: 23/36 MP: 9/9
   716 | D:5      | Reached skill level 5 in Poison Magic
   763 | D:5      | Noticed an ogre
   799 | D:5      | Killed an ogre
   800 | D:5      | Reached XP level 6. HP: 9/42 MP: 10/10
   938 | D:5      | Identified the +7 dagger of Prescription {elec, Drain Str+2
                  | Dex+2}
   949 | D:5      | Reached XP level 7. HP: 19/46 MP: 11/11
   954 | D:5      | Learned a level 4 spell: Summon Lightning Spire
   958 | D:5      | Learned a level 3 spell: Mephitic Cloud
  1067 | D:5      | Reached skill level 1 in Short Blades
  1067 | D:5      | Reached skill level 1 in Summonings
  1067 | D:5      | Reached skill level 1 in Air Magic
  1206 | D:6      | Found a burning altar of Makhleb.
  1330 | D:6      | Reached skill level 2 in Summonings
  1358 | D:6      | Reached XP level 8. HP: 40/52 MP: 12/12
  1419 | D:6      | Found a basalt altar of Yredelemnul.
  1559 | D:6      | Reached skill level 3 in Summonings
  1642 | D:6      | Noticed a nameless horror
  1775 | D:6      | Learned a level 3 spell: Ignite Poison
  1984 | D:6      | Reached skill level 5 in Dodging
  2252 | D:7      | Found a staircase to the Ecumenical Temple.
  2264 | Temple   | Entered the Ecumenical Temple
  2271 | Temple   | Became a worshipper of the Shining One
  2420 | D:8      | Reached skill level 4 in Summonings
  2420 | D:8      | Reached XP level 9. HP: 21/56 MP: 13/13
  2447 | D:8      | Reached skill level 5 in Air Magic
  2617 | D:3      | Noticed Jessica
  2623 | D:3      | Killed Jessica
  3519 | D:2      | Bought the +3 warlock's mirror {omnireflect} for 520 gold
                  | pieces
  3519 | D:2      | Found the +3 warlock's mirror {omnireflect}
  3646 | D:3      | Found Ecluz's General Store.
  4004 | D:6      | Reached * piety under the Shining One
  4005 | D:6      | Reached skill level 1 in Shields
  4022 | D:6      | Reached skill level 5 in Summonings
  4065 | D:7      | Found a stormy altar of Qazlal.
  4130 | D:8      | Noticed Erica
  4145 | D:8      | Killed Erica
  4146 | D:8      | Reached skill level 6 in Summonings
  4186 | D:8      | Found a runed translucent door.
  4189 | D:8      | Noticed crossborder's ghost (novice OgDe)
  4189 | D:8      | Noticed a polar bear
  4191 | D:8      | Identified the +9 trident of Taineex {freeze, rElec rC-
                  | MP+9 Str+3}
  4254 | D:8      | Reached skill level 5 in Shields
  4254 | D:8      | Reached skill level 9 in Summonings
  4254 | D:8      | Reached XP level 10. HP: 29/63 MP: 4/14
  4358 | D:8      | Found a sacrificial altar of Ru.
  4396 | D:8      | Reached XP level 11. HP: 55/67 MP: 15/15
  4483 | D:8      | Killed crossborder's ghost
  4491 | D:8      | The Shining One protects you from harm!
  4493 | D:8      | Reached skill level 10 in Summonings
  4719 | D:9      | Found a white marble altar of Elyvilon.
  4720 | D:9      | Found a snail-covered altar of Cheibriados.
  4826 | D:9      | Reached ** piety under the Shining One
  4844 | D:9      | Reached skill level 5 in Short Blades
  4855 | D:9      | Reached skill level 5 in Fighting
  4897 | D:9      | Found a glowing silver altar of Zin.
  4943 | D:10     | Entered Level 10 of the Dungeon
  4943 | D:10     | Noticed Maurice
  4950 | D:10     | Killed Maurice
  4954 | D:10     | Reached XP level 12. HP: 65/77 MP: 8/16
  4978 | D:10     | Noticed Sonja
  4995 | D:10     | Killed Sonja
  5234 | D:10     | Found a shimmering altar of Xom.
  5327 | D:11     | Noticed a two-headed ogre
  5372 | D:11     | Killed a two-headed ogre
  5600 | D:11     | Found a staircase to the Orcish Mines.
  5623 | D:11     | Noticed a boulder beetle
  5647 | D:11     | Killed a boulder beetle
  5690 | D:11     | Reached skill level 1 in Stealth
  5939 | D:11     | Found a staircase to the Lair.
  5950 | Lair:1   | Entered Level 1 of the Lair of Beasts
  5965 | Lair:1   | Reached *** piety under the Shining One
  6345 | Lair:2   | Reached skill level 5 in Stealth
  6393 | Lair:2   | Learned a level 6 spell: Statue Form
  6434 | Lair:2   | Reached XP level 13. HP: 52/88 MP: 17/17
  6443 | Lair:3   | Noticed Kirke
  6534 | Lair:2   | Reached skill level 1 in Transmutations
  6534 | Lair:2   | Reached skill level 1 in Earth Magic
  6659 | Lair:2   | Identified a scroll of acquirement
  6727 | Lair:2   | Reached **** piety under the Shining One
  7039 | Lair:3   | Found a hole to the Spider Nest.
  7072 | Lair:3   | Found a staircase to the Shoals.
  7079 | Lair:3   | HP: 4/88 [harpy (3)]
  7615 | Lair:4   | Reached skill level 5 in Transmutations
  7615 | Lair:4   | Reached skill level 5 in Earth Magic
  7616 | Lair:4   | HP: 1/88 [yak (16)]
  7956 | Lair:5   | Entered Level 5 of the Lair of Beasts
  8272 | Lair:4   | Found a staircase to the Slime Pits.
  8272 | Lair:4   | Found a viscous altar of Jiyva.
  8543 | Lair:4   | Fell from the grace of the Shining One
  8543 | Lair:4   | Became a worshipper of Jiyva Jaisuigh the Shapeless
 10263 | Orc:1    | Entered Level 1 of the Orcish Mines
 10536 | Orc:1    | Reached * piety under Jiyva
 10646 | Orc:1    | Found a transporter.
 10659 | Orc:1    | Found a transporter.
 10659 | Orc:1    | Found a runed translucent door.
 10659 | Orc:1    | Found a bloodstained altar of Trog.
 10659 | Orc:1    | Found the +8 Wrath of Trog {antimagic, *Rage Rampage}
 10660 | Orc:1    | You fall into a shaft and drop 1 floor!
 10660 | Orc:2    | Entered Level 2 of the Orcish Mines
 10660 | Orc:2    | Found a staircase to the Elven Halls.
 11166 | Orc:1    | Reached XP level 14. HP: 94/94 MP: 18/18
 11180 | Orc:1    | Noticed a deep elf elementalist
 11189 | Orc:1    | Slain by a two-headed ogre

Illustrated notes

Levels and vault maps discovered:
D:1:      ncdulo_halloftheorcs, layout_loops_ring, kennysheep_another_room
D:2:      layout_basic, serial_shops, nicolae_shop_stone, shop,
          minmay_misc_feat_square
D:3:      kennysheep_big_flooded_room, layout_basic, serial_shops,
          nicolae_shop_behind_doors, uniq_jessica
D:4:      minmay_diamond_boxcup, layout_loops_ring, st_stairs_2
D:5:      layout_basic
D:6:      layout_layer_cave, mainiacjoe_overflow_small_starburst,
          kennysheep_vampire_church, nicolae_overflow_hidden_temple, hex_medium
D:7:      layout_cave_pools, grunt_qazlal_sundering,
          minmay_temple_entry_sparse_star, serial_park, serial_park_gazebo
          [serial_park_minivault_5x5_2], serial_park_tiny_2
D:8:      layout_basic, nicolae_ru_great_annihilating_truth,
          ebering_ghost_funeral_grove, uniq_erica
D:9:      layout_rooms, zin_statuary, lemuel_blue_sif_altar,
          gammafunk_temple_overflow_statue
D:10:     layout_irregular_city, mainiacjoe_overflow_cross_hatched, uniq_sonja,
          uniq_maurice
D:11:     layout_cave_pools, grunt_lair_entry_orc_guard_hut, minivault_11,
          minmay_fractal_squares_diagonal_5
Temple:   nicolae_temple_no_exploring_needed
Lair:1:   layout_regular_city, serial_bayou_shore_b, grunt_megastairs_1
Lair:2:   layout_layer_cave, beast_lair_carwin_8, infiniplex_staircase_pool_2,
          serial_bayou_shore_a, lemuel_fruit_fields, serial_bayou_shore_b,
          lemuel_fruit_fields
Lair:3:   layout_chaotic_city, nicolae_shoals_entry_roost,
          spider_nest_entry_funnel_web, grunt_megastairs_3, uniq_kirke
Lair:4:   layout_regular_city, slime_entry_1, chequers_serial_rivers_micro_e,
          grunt_megastairs_2
Lair:5:   minmay_lair_end_frog_pond, layout_gridlike,
          nicolae_lair_run_with_the_wolves, lemuel_fruit_tree
Orc:1:    emtedronai_trogs_sanctum, layout_diamond_mine
Orc:2:    st_orc_open, layout_diamond_mine, nicolae_shop_overcharged_wands

Skill      XL: |  1  2  3  4  5  6  7  8  9 10 11 12 13 |
---------------+----------------------------------------+-----
Poison Magic   | 1 3 4 5 6 7 |  7.0
Dodging        | 2 3 4 5 6 9 |  9.0
Short Blades   | 2 3 5 7 |  7.2
Summonings     | 2 4 9 10 | 10.5
Air Magic      | 2 4 9 |  9.6
Shields        | 5 6 |  6.0
Fighting       | 5 7 8 |  8.0
Stealth        | 5 |  5.1
Transmutations | 7 |  7.7
Earth Magic    | 7 |  7.7
Unarmed Combat | |  0.6
Spellcasting   | |  3.0
Invocations    | |  1.0
Evocations     | |  3.2

Action                   |  1- 3 |  4- 6 |  7- 9 | 10-12 | 13-15 || total
-------------------------+-------+-------+-------+-------+-------++-------
Melee: Unarmed           |    22 |       |       |       |       ||    22
       Constrict         |    11 |     5 |    49 |    54 |    64 ||   183
       Spear             |    17 |    43 |       |       |       ||    60
       Tentacles         |     8 |     4 |    43 |    95 |   114 ||   264
       Punch             |     1 |     1 |     2 |    11 |     4 ||    19
       Dagger            |       |     8 |   193 |   311 |   331 ||   843
 Cast: Sting             |     2 |       |    12 |     1 |       ||    15
       Mephitic Cloud    |       |       |    15 |    22 |    21 ||    58
       Summon Lightning  |       |       |     3 |    33 |    37 ||    73
       Ignite Poison     |       |       |     1 |       |       ||     1
Evoke: Wand              |     2 |     7 |     8 |    15 |     7 ||    39
  Use: Potion            |       |     6 |     3 |     3 |     4 ||    16
       Scroll            |       |     1 |     7 |    13 |    12 ||    33
 Stab: Sleeping          |     1 |     1 |     2 |       |     4 ||     8
       Confused          |       |       |       |       |     6 ||     6
       Distracted        |       |       |       |       |     4 ||     4
       Paralysed         |       |       |       |       |     3 ||     3
Armor: Skin              |     7 |     1 |     4 |     6 |     2 ||    20
Dodge: Dodged            |    26 |    12 |    93 |   160 |   190 ||   481
Block: Buckler           |       |       |    20 |   115 |   124 ||   259
       Reflection        |       |       |       |     5 |     2 ||     7

Table legend: (Time is in decaauts)
 A = Elapsed time spent in this place.
 B = Non-inter-level travel time spent in this place.
 C = Inter-level travel time spent in this place.
 D = Time resting spent in this place.
 E = Time spent auto-exploring this place.
 F = Levels seen in this place.
 G = Mean time per level.
                   A        B        C        D        E       F      G
               +--------+--------+--------+--------+--------+-----+--------+
         Total |  10970 |   9268 |   1702 |    511 |   1637 |  19 |  577.4 |
       Dungeon |   7430 |   6149 |   1281 |    191 |   1045 |  11 |  675.5 |
        Temple |     14 |      7 |      7 |      0 |      0 |   1 |   14.0 |
          Lair |   2619 |   2283 |    336 |    320 |      3 |   5 |  523.8 |
  Orcish Mines |    906 |    830 |     76 |      0 |    589 |   2 |  453.0 |
               +--------+--------+--------+--------+--------+-----+--------+

Top non-repeatable levels by time:
     D:2: 1086 daAuts
     D:6: 987 daAuts
  Lair:4: 907 daAuts
   Orc:1: 898 daAuts
     D:5: 884 daAuts
  Lair:3: 751 daAuts
     D:1: 741 daAuts
     D:8: 686 daAuts
     D:3: 614 daAuts
     D:4: 568 daAuts
    D:11: 531 daAuts
  Lair:2: 521 daAuts
    D:10: 502 daAuts
     D:7: 448 daAuts
     D:9: 378 daAuts
